 Dungeon Crawl Stone Soup version 0.24.0 (webtiles) character file.

Game seed: 15924070227014398230, levelgen mode: deterministic

295815 Buxparty the Tortoise (level 20, -3/196 HPs)
             Began as a Gargoyle Fighter on Feb 15, 2020.
             Was an Initiate of Gozag.
             Splashed by an acid blob's acid (6 damage)
             ... on level 4 of the Pits of Slime.
             The game lasted 02:35:35 (42431 turns).

Buxparty the Tortoise (Gargoyle Fighter)           Turns: 42431, Time: 02:35:37

Health: -3/196     AC: 22    Str: 36    XL:     20   Next: 89%
Magic:  17/17      EV: 26    Int: 12    God:    Gozag
Gold:   2558       SH: 17    Dex: 16    Spells: 19/19 levels left

rFire    + + .     SeeInvis .   b - +7 long sword of Tenacity {flame, rC+}
rCold    + + +     Gourm    .   c - +0 shield
rNeg     + + .     Faith    .   Q - +6 chain mail "Hyimemasm" {rF+ MR+}
rPois    ∞         Spirit   .   a - +2 hat of Xyduugho {Dex+5}
rElec    +         Reflect  .   A - +2 cloak
rCorr    +         Harm     .   W - +0 pair of gloves of the Gate {rPois MP-9 Int+3}
MR       +++++     Clarity  +   i - +0 pair of boots
Stlth    ..........             K - amulet of the Four Winds {rN+ MR+++ Clar}
HPRegen  0.42/turn              P - ring "Leykkeag" {EV+4 Str+4}
MPRegen  0.15/turn              V - +5 ring of evasion

@: berserking, resistant, corroded, gold aura, hasted, very quick
A: antennae 1, big wings, talons 1, slimy green scales 1, berserk 2, cold
resistance 1, deformed body, low mp 1, negative energy resistance 1, electricity
resistance, unbreathing, petrification resistance, rot immunity, subdued magic
1, sturdy frame 1, AC +15
}: 2/15 runes: decaying, serpentine
a: Fly, Potion Petition, Call Merchant, Bribe Branch, Renounce Religion


You were on level 4 of the Pits of Slime.
You worshipped Gozag.
Gozag was most pleased with you.
You were not hungry.

You visited 8 branches of the dungeon, and saw 40 of its levels.
You also visited: Ossuary and Ice Cave.

You collected 13718 gold pieces.
You spent 3719 gold pieces at shops.
You paid 7441 gold pieces to Gozag.

Inventory:

Hand Weapons
 b - the +7 long sword of Tenacity (weapon) {flame, rC+}
   (You found it on level 1 of the Lair of Beasts)

   It has been specially enchanted to burn those struck by it, causing extra
   injury to most foes and up to half again as much damage against particularly
   susceptible opponents.
   Big, fiery blades are also staple armaments of hydra-hunters.
   It protects you from cold.
 S - the +5 flail of Tartarus {crush, rPois rC- Dex+4 Stlth+}
   (You bought it in a shop on level 8 of the Dungeon)

   It inflicts extra damage upon your enemies.
   It affects your dexterity (+4).
   It makes you vulnerable to cold.
   It protects you from poison.
   It makes you more stealthy.
Missiles
 h - 12 silver javelins (quivered)
 p - 11 javelins
 D - 7 atropa-tipped darts
Armour
 a - the +2 hat of Xyduugho (worn) {Dex+5}
   (You acquired it on level 2 of the Orcish Mines)

   It affects your dexterity (+5).
 c - a +0 shield (worn)
 i - a +0 pair of boots (worn)
 A - a +2 cloak (worn)
 Q - the +6 chain mail "Hyimemasm" (worn) {rF+ MR+}
   (You found it on level 10 of the Dungeon)

   It protects you from fire.
   It affects your resistance to hostile enchantments.
 W - the +0 pair of gloves of the Gate (worn) {rPois MP-9 Int+3}
   (You found it on level 3 of the Swamp)

   It affects your intelligence (+3).
   It protects you from poison.
   It affects your magic capacity (-9).
Jewellery
 K - the amulet of the Four Winds (around neck) {rN+ MR+++ Clar}
   (You bought it in a shop on level 5 of the Dungeon)

   [amulet of nothing]

   It protects you from negative energy.
   It affects your resistance to hostile enchantments.
   It protects you against confusion.
 P - the ring "Leykkeag" (left hand) {EV+4 Str+4}
   (You bought it in a shop on level 1 of the Snake Pit)

   [ring of evasion]

   It affects your evasion (+4).
   It affects your strength (+4).
 V - a +5 ring of evasion (right hand)
Wands
 j - a wand of polymorph (40)
 o - a wand of scattershot (5)
 q - a wand of iceblast (21)
 s - a wand of flame (91)
 F - a wand of paralysis (10)
 L - a wand of random effects (67)
 M - a wand of digging (16)
 N - a wand of enslavement (11)
 T - a wand of acid (22)
 X - a wand of disintegration (14)
Scrolls
 k - 24 scrolls of identify
 y - 16 scrolls of remove curse
 z - a scroll of silence
 B - 6 scrolls of teleportation
 G - 12 scrolls of enchant weapon
 H - 8 scrolls of fear
 O - a scroll of summoning
 U - 4 scrolls of blinking
 Y - 2 scrolls of holy word
Potions
 d - 3 potions of might
 n - 3 potions of berserk rage
 r - 5 potions of brilliance
 v - 2 potions of invisibility
 w - 5 potions of agility
 x - 12 potions of curing
 C - 8 potions of heal wounds
 E - 4 potions of haste
Miscellaneous
 l - a lightning rod (4/4)
 u - a phial of floods
 I - 2 sacks of spiders
 Z - a lamp of fire
Comestibles
 f - 10 rations


   Skills:
 + Level 15.9 Fighting
 + Level 13.0 Long Blades
 - Level 9.9 Maces & Flails
   Level 6.8 Polearms
 + Level 17.5 Armour
 + Level 9.7 Dodging
 + Level 17.4 Shields
 + Level 12.7 Evocations


You had 19 spell levels left.
You didn't know any spells.
Your spell library contained the following spells:

 Spells                   Type           Power        Failure   Level  Hunger
 Animate Skeleton         Necr           N/A          50%         1    ##.....
 Beastly Appendage        Tmut           #.....       50%         1    ##.....
 Flame Tongue             Conj/Fire      #....        50%         1    ##.....
 Pain                     Necr           #...         50%         1    ##.....
 Shock                    Conj/Air       #...         50%         1    ##.....
 Summon Butterflies       Summ           #.......     50%         1    ##.....
 Call Imp                 Summ           #.......     63%         2    ###....
 Sticks to Snakes         Tmut           #.......     63%         2    ###....
 Swiftness                Chrm/Air       #.......     63%         2    ###....
 Throw Flame              Conj/Fire      #.....       63%         2    ###....
 Call Canine Familiar     Summ           #.......     86%         3    ####...
 Conjure Flame            Conj/Fire      #.......     86%         3    ####...
 Ignite Poison            Fire/Tmut/Pois #.......     86%         3    ####...
 Inner Flame              Hex/Fire       #.......     86%         3    ####...
 Recall                   Summ/Tloc      N/A          86%         3    ####...
 Regeneration             Chrm/Necr      #.........   86%         3    ####...
 Spider Form              Tmut/Pois      #.........   86%         3    ####...
 Static Discharge         Conj/Air       #.......     86%         3    ####...
 Vampiric Draining        Necr           #.........   86%         3    ####...
 Airstrike                Air            #.........   99%         4    #####..
 Animate Dead             Necr           N/A          99%         4    #####..
 Ice Form                 Ice/Tmut       #.......     99%         4    #####..
 Iskenderun's Mystic Bla  Conj           #.......     99%         4    #####..
 Sticky Flame             Conj/Fire      #.......     99%         4    #####..
 Summon Lightning Spire   Summ/Air       #.......     99%         4    #####..
 Aura of Abjuration       Summ           #.........   100%        5    ######.
 Blade Hands              Tmut           #.........   100%        5    ######.
 Bolt of Draining         Conj/Necr      #.........   100%        5    ######.
 Fireball                 Conj/Fire      #.........   100%        5    ######.
 Irradiate                Conj/Tmut      #.........   100%        5    ######.
 Lightning Bolt           Conj/Air       #.........   100%        5    ######.
 Summon Mana Viper        Hex/Summ       #.......     100%        5    ######.
 Bolt of Fire             Conj/Fire      #.........   100%        6    #######
 Hydra Form               Tmut           #.........   100%        6    #######
 Shadow Creatures         Summ           N/A          100%        6    #######
 Dragon Form              Tmut           #.........   100%        7    #######
 Ring of Flames           Chrm/Fire      #.........   100%        7    #######
 Spellforged Servitor     Conj/Summ      #.........   100%        7    #######
 Summon Hydra             Summ           #.........   100%        7    #######
 Ignition                 Fire           #.........   100%        8    #######
 Dragon's Call            Summ           #.........   100%        9    #######
 Statue Form              Tmut/Erth      Unusable     N/A         6    N/A

Dungeon Overview and Level Annotations

Branches:
Dungeon (15/15)            Temple (1/1) D:5            Lair (6/6) D:8
  Swamp (4/4) Lair:4        Snake (4/4) Lair:4        Slime (5/5) Lair:5
    Orc (2/2) D:12            Elf (3/3) Orc:2        Vaults (0/5) D:14
 Depths (0/5) D:15        Ossuary (visited)           IceCv (visited)

Altars:
Ashenzari
Cheibriados
Dithmenos
Elyvilon
Fedhas
Gozag
Hepliaklqana
Kikubaaqudgha
Makhleb
Nemelex Xobeh
Qazlal
Ru
Sif Muna
Trog
Uskayaw
Vehumet
Wu Jian
Xom
Yredelemnul
Zin
The Shining One
Jiyva

Shops:
D:5 *!%}=   D:6 !   D:8 (*([*(   D:12 (   D:15 %   Orc:2 ??*:   Snake:1 =}=

Annotations:
Lair:2 exclusion: oklob plant
Lair:6 exclusion: oklob plant
Elf:1 exclusion: ice statue


Innate Abilities, Weirdness & Mutations

You are resistant to torment.
Your stone body is resilient. (AC +15)
You are immune to poison.
Your large and strong wings let you fly indefinitely.
You resist negative energy. (rN+)
You are resistant to electric shocks. (rElec)
You can survive without breathing.
You are immune to petrification.
You are immune to rotting.
You have a pair of small antennae on your head.
You have sharp toenails.
You are partially covered in slimy green scales. (AC +2)
You often lose your temper in combat.
Your flesh is cold resistant. (rC+)
Armour fits poorly on your strangely shaped body.
Your magical capacity is low. (-10% MP)
Your spells are a little easier to cast, but a little less powerful.
Your movements are slightly less encumbered by armour. (ER -2)


Message History

You hit the acid blob. You burn the acid blob.
Your hands burn!
* * * LOW HITPOINT WARNING * * *
The acid blob is almost dead.
The acid blob spits acid at you. You block the splash of acid.
You block the slime creature's attack. The slime creature closely misses you.
The acid blob misses you.
You slash the acid blob! You burn the acid blob.
You kill the acid blob!
Your Long Blades skill increases to level 13!
You block the large slime creature's attack.
You are too berserk!
You slash the large slime creature! You burn the large slime creature.
The large slime creature is lightly wounded.
The slime creature is no longer distracted by gold.
The acid blob spits acid at you. The splash of acid hits you. You resist.
* * * LOW HITPOINT WARNING * * *
You are splashed with acid.
You resist.
You die...
Your body crumbles into a pile of gold.

##........ ##.#......
... #........##....
#.............
###............
##.......#.......>
#....JJ$.............
#....J@J.#.#.#........
##....J$.....#........
#....................
##........#.##.....#..
#..........##.#...##.
##.#...............#.
####.........#.#....
####.......#.....
##.#........#.


You could see an acid blob, a large slime creature and 3 slime creatures.

Vanquished Creatures
  Dissolution (Slime:3)
  Vashnia (Snake:2)
  Rupert (Lair:4)
  An Ice Fiend (IceCv)
  7 acid blobs
  2 thorn hunters
  6 nagarajas
  8 azure jellies
  6 deep elf sorcerers
  4 deep elf elementalists
  Aizul (Snake:1)
  A very ugly thing (Swamp:3)
  A deep elf demonologist (Elf:3)
  Azrael (Orc:2)
  3 deep elf annihilators (Elf:3)
  2 deep elf death magi
  An ettin (Orc:1)
  A mummy priest (Elf:2)
  2 death oozes
  21 hydras
  An ice dragon (Swamp:2)
  3 shambling mangroves
  18 anacondas
  12 alligators
  14 naga warriors
  2 centaur warriors
  4 catoblepae (Lair:6)
  6 two-headed ogres
  14 naga sharpshooters
  7 death yaks
  Urug (D:10)
  An ogre mage (D:14)
  2 vampire magi (Elf:2)
  12 shock serpents
  2 spriggan berserkers (Swamp:4)
  7 orc high priests
  3 spriggans
  15 deep elf knights
  8 salamander mystics
  3 skeletal warriors
  2 unseen horrors
  A wizard (D:15)
  3 naga ritualists
  10 swamp dragons
  3 spriggan druids
  8 deep elf archers
  3 orc knights
  Pikel (D:9)
  10 mana vipers
  5 lindwurms
  52 deep elf magi
  13 ugly things
  5 orc sorcerers
  4 shining eyes
  5 manticores
  6 salamanders
  5 cyclopes
  22 naga magi
  7 guardian serpents
  4 eyes of devastation
  Psyche (D:11)
  2 ice statues (IceCv)
  A molten gargoyle (Lair:6)
  32 black mambas
  A spiny frog (shapeshifter) (Elf:1)
  Maurice (D:8)
  4 yaktaurs (D:15)
  A rime drake (shapeshifter) (Elf:2)
  2 rime drakes
  A yaktaur (shapeshifter) (D:14)
  12 spiny frogs
  A torpor snail (Lair:4)
  9 komodo dragons
  A gargoyle (D:15)
  2 anaconda simulacra (IceCv)
  5 kobold demonologists
  A freezing wraith (D:15)
  10 ice devils (IceCv)
  A polar bear (Lair:6)
  7 trolls
  A wolf spider simulacrum (D:14)
  71 slime creatures
  8 hornets
  A slime creature (shapeshifter) (D:15)
  8 bog bodies
  5 dream sheep (Lair:6)
  9 hippogriffs
  11 tyrant leeches
  An air elemental (Elf:3)
  4 water elementals
  2 shadows
  3 wyverns
  A wraith (D:10)
  8 fire elementals
  4 basilisks
  38 yaks
  5 golden eyes (Slime:4)
  3 hungry ghosts
  14 vampire mosquitoes
  Menkaure (D:6)
  A warg (Orc:2)
  3 harpy simulacra (IceCv)
  8 insubstantial wisps (Swamp:4)
  34 nagas
  15 swamp worms
  2 acid dragons (D:15)
  9 water moccasins
  11 porcupines
  4 hell hounds (Orc:2)
  6 swamp drakes
  3 sky beasts
  Duvessa (D:4)
  3 hydra simulacra (IceCv)
  3 ice beasts
  29 orc warriors
  2 ettin simulacra (IceCv)
  2 necrophages
  2 phantoms
  8 eyes of draining
  10 ogres
  2 boggarts (Elf:2)
  5 wolves (Lair:3)
  10 centaurs
  8 crocodiles
  4 big kobolds
  17 bullfrogs
  An earth elemental (Elf:3)
  3 gnoll sergeants
  Dowan (D:4)
  12 scorpions
  4 howler monkeys
  15 electric eels
  6 crimson imps
  2 bullfrog zombies
  4 centaur zombies
  5 quasits
  3 human zombies (Ossuary)
  A gnoll shaman (Orc:2)
  7 hounds
  29 orc priests
  A bullfrog skeleton (D:5)
  2 centaur skeletons
  8 jellies
  4 iguanas
  Ijyb (D:3)
  34 orc wizards
  4 worker ants
  A big kobold zombie (Ossuary)
  3 mummies (Ossuary)
  2 howler monkey zombies
  13 gnolls
  4 scorpion zombies (Ossuary)
  13 adders
  A shadow imp (D:13)
  5 oozes (D:9)
  2 adder skeletons
  2 adder zombies
  4 worms
  2 dart slugs
  8 leopard geckos
  90 orcs
  3 ball pythons
  9 bats
  2 giant cockroaches (D:4)
  3 gnoll zombies (Ossuary)
  8 goblins
  7 hobgoblins
  4 jackals
  23 kobolds
  5 quokkas
  9 frilled lizards
  A goblin zombie (Ossuary)
  A hobgoblin zombie (Ossuary)
  2 jackal skeletons
  A kobold zombie (Ossuary)
  A leopard gecko zombie (D:6)
  6 rats
  2 briar patches (Swamp:2)
  17 plants (D:8)
1271 creatures vanquished.

Vanquished Creatures (collateral kills)
  A deep elf sorcerer (Elf:3)
  A mana viper (Snake:4)
  A deep elf mage (Elf:2)
3 creatures vanquished.

Vanquished Creatures (others)
  Asterion (Snake:4)
  A naga warrior (Snake:4)
  An anaconda (Snake:4)
  A spriggan berserker (Swamp:4)
  23 dancing weapons
  A naga sharpshooter (Snake:4)
  A deep elf knight (Elf:2)
  A deep elf archer (Elf:2)
  A naga mage (Snake:4)
  A hornet (Swamp:4)
  A vampire mosquito (Swamp:4)
  A naga (Snake:4)
  2 swamp drakes
  2 scorpions (Ossuary)
  2 orcs
  A briar patch (Swamp:2)
  A fungus (Lair:4)
  18 plants
60 creatures vanquished.

Grand Total: 1334 creatures vanquished

Notes
Turn   | Place    | Note
-------+----------+-------------------------------------------
     0 | D:1      | Buxparty the Gargoyle Fighter began the quest for the Orb.
     0 | D:1      | Reached XP level 1. HP: 14/14 MP: 1/1
    75 | D:1      | Reached XP level 2. HP: 15/19 MP: 2/2
   501 | D:1      | Reached XP level 3. HP: 19/23 MP: 3/3
  1034 | D:2      | Reached XP level 4. HP: 16/29 MP: 4/4
  1731 | D:3      | Noticed Ijyb
  1796 | D:3      | Reached XP level 5. HP: 32/33 MP: 5/5
  1814 | D:3      | Killed Ijyb
  1931 | D:3      | You fall into a shaft and drop 1 floor!
  1990 | D:4      | Found a sand-covered staircase.
  1995 | Ossuary  | Entered an ossuary
  2065 | Ossuary  | Reached XP level 6. HP: 23/39 MP: 6/6
  2382 | Ossuary  | Reached XP level 7. HP: 27/44 MP: 7/7
  2563 | Ossuary  | Reached skill level 5 in Fighting
  2593 | Ossuary  | Reached skill level 5 in Maces & Flails
  2593 | Ossuary  | Reached skill level 5 in Shields
  2911 | Ossuary  | Reached skill level 5 in Armour
  3178 | D:4      | Noticed Duvessa
  3179 | D:4      | Noticed Dowan
  3197 | D:4      | Killed Duvessa
  3243 | D:4      | Killed Dowan
  3243 | D:4      | Reached XP level 8. HP: 30/50 MP: 8/8
  3606 | D:4      | Gained mutation: Your natural rate of healing is unusually
                  | fast. [potion of mutation]
  3606 | D:4      | Gained mutation: Your flesh is heat resistant. (rF+)
                  | [potion of mutation]
  3606 | D:4      | Gained mutation: Your body sometimes deteriorates upon
                  | taking damage. [potion of mutation]
  3606 | D:4      | Gained mutation: You have a pair of small horns on your
                  | head. [potion of mutation]
  3777 | D:5      | Entered Level 5 of the Dungeon
  3777 | D:5      | Found Foovveon's Gadget Shoppe.
  3777 | D:5      | Found Fesics's Food Emporium.
  3912 | D:5      | Found a staircase to the Ecumenical Temple.
  3983 | Temple   | Entered the Ecumenical Temple
  4248 | Temple   | Became a worshipper of Gozag Ym Sagoz the Greedy
  4317 | D:5      | Reached skill level 1 in Polearms
  4326 | D:5      | Found Roregh's Assorted Antiques.
  4331 | D:5      | Found Rettos's Distillery.
  4350 | D:5      | Found Jorehioqa's Jewellery Shoppe.
  4484 | D:5      | Found a shadowy altar of Dithmenos.
  4864 | D:6      | Reached XP level 9. HP: 56/56 MP: 9/9
  5099 | D:6      | Found Pomodgh's Distillery.
  5571 | D:6      | Noticed Menkaure
  5584 | D:6      | Killed Menkaure
  6144 | D:7      | Noticed a two-headed ogre
  6154 | D:7      | Killed a two-headed ogre
  6154 | D:7      | Reached XP level 10. HP: 64/64 MP: 10/10
  6351 | D:5      | Bought the amulet of the Four Winds {rN+ MR+++ Clar} for
                  | 570 gold pieces
  6351 | D:5      | Found the amulet of the Four Winds {rN+ MR+++ Clar}
  6709 | D:8      | Found a staircase to the Lair.
  6848 | D:8      | Noticed Maurice
  6870 | D:8      | Killed Maurice
  7328 | D:8      | Noticed a two-headed ogre
  7345 | D:8      | Killed a two-headed ogre
  7545 | D:9      | Noticed Pikel
  7572 | D:9      | Killed Pikel
  7572 | D:9      | Reached skill level 5 in Polearms
  7918 | D:9      | Reached XP level 11. HP: 66/69 MP: 11/11
  8146 | D:10     | Entered Level 10 of the Dungeon
  8325 | D:10     | Got an encrusted chain mail
  8344 | D:10     | Identified the +6 chain mail "Hyimemasm" {rF+ MR+} (You
                  | found it on level 10 of the Dungeon)
  8391 | D:10     | Noticed Urug
  8407 | D:10     | Killed Urug
  8464 | D:10     | Noticed a six-headed hydra
  8479 | D:10     | Killed a six-headed hydra
  8750 | D:11     | Noticed a cyclops
  8794 | D:10     | Killed a cyclops
  9354 | D:11     | Noticed Psyche
  9373 | D:11     | Killed Psyche
  9434 | D:11     | Noticed a cyclops
  9445 | D:11     | HP: 3/72 [cyclops (8)]
  9446 | D:11     | Killed a cyclops
  9596 | D:11     | Noticed a two-headed ogre
  9604 | D:11     | Killed a two-headed ogre
  9604 | D:11     | Reached skill level 10 in Fighting
  9740 | D:11     | Killed an unseen horror
  9740 | D:11     | Reached skill level 10 in Shields
  9740 | D:11     | Reached XP level 12. HP: 63/77 MP: 12/12
 10120 | D:12     | Found Veumm's Weapon Emporium.
 10168 | D:12     | HP: 3/77 [skeletal warrior/+0 mace (5)]
 10183 | D:12     | Reached skill level 10 in Armour
 10191 | D:11     | HP: 2/77 [skeletal warrior/+0 mace (6)]
 10424 | D:5      | Bought a +5 ring of evasion for 715 gold pieces
 10499 | Lair:1   | Entered Level 1 of the Lair of Beasts
 10624 | Lair:1   | Got a brightly glowing long sword
 10625 | Lair:1   | Identified the +7 long sword of Tenacity {flame, rC+} (You
                  | found it on level 1 of the Lair of Beasts)
 11133 | Lair:2   | Reached skill level 1 in Long Blades
 11140 | Lair:2   | Got a shimmering scale mail
 11141 | Lair:2   | Identified the +1 scale mail of the Hare {Dex+2} (You found
                  | it on level 2 of the Lair of Beasts)
 12471 | Lair:4   | Reached skill level 1 in Evocations
 12511 | Lair:4   | Found a staircase to the Snake Pit.
 12765 | Lair:4   | Reached XP level 13. HP: 48/84 MP: 14/14
 12875 | Lair:4   | Found a staircase to the Swamp.
 12972 | Lair:4   | Noticed Rupert
 13011 | Lair:4   | Killed Rupert
 13865 | Lair:5   | Reached skill level 5 in Long Blades
 13889 | Lair:5   | Found a viscous altar of Jiyva.
 13889 | Lair:5   | Found a staircase to the Slime Pits.
 14051 | Lair:6   | Entered Level 6 of the Lair of Beasts
 14524 | Lair:6   | Reached skill level 5 in Evocations
 14825 | Lair:6   | Gained mutation: Your large and strong wings let you fly
                  | indefinitely. [Gargoyle growth]
 14825 | Lair:6   | Reached XP level 14. HP: 81/88 MP: 18/18
 16144 | D:12     | Found a staircase to the Orcish Mines.
 16383 | D:12     | Got a spiked leather armour
 16384 | D:12     | Identified the +3 leather armour of Dice, Bag, and Bottle
                  | {MR++} (You found it on level 12 of the Dungeon)
 17065 | D:8      | Bought a shimmering flail for 221 gold pieces
 17065 | D:8      | Identified the +3 flail of Big Damage {vamp, rPois} (You
                  | bought it in a shop on level 8 of the Dungeon)
 17066 | D:8      | Bought a warped flail for 221 gold pieces
 17066 | D:8      | Identified the +5 flail of Tartarus {crush, rPois rC- Dex+4
                  | Stlth+} (You bought it in a shop on level 8 of the Dungeon)
 17211 | Orc:1    | Entered Level 1 of the Orcish Mines
 17561 | Orc:2    | Entered Level 2 of the Orcish Mines
 17911 | Orc:2    | Noticed Azrael
 17918 | Orc:2    | Found a staircase to the Elven Halls.
 17952 | Orc:2    | Killed Azrael
 18104 | Orc:2    | Gained mutation: You are dopey. (Int -2) [a neqoxec]
 18636 | Orc:2    | Found Gaziz's General Store.
 18636 | Orc:2    | Found Gatutah's Magic Scroll Shop.
 18640 | Orc:2    | Found Xucagir's Magic Scroll Shop.
 18672 | Orc:2    | Found Ziuxes's Book Boutique.
 18675 | Orc:2    | Bought a scroll of acquirement for 884 gold pieces
 18680 | Orc:2    | Got a faintly glowing hat
 18691 | Orc:2    | Identified the +2 hat of Xyduugho {Dex+5} (You acquired it
                  | on level 2 of the Orcish Mines)
 19237 | Snake:1  | Entered Level 1 of the Snake Pit
 19566 | Snake:1  | Noticed Aizul
 19593 | Snake:1  | Killed Aizul
 19593 | Snake:1  | Reached XP level 15. HP: 79/95 MP: 20/20
 19788 | Snake:1  | Found Ahea's Jewellery Shop.
 19788 | Snake:1  | Found Rixzaffo's Gadget Shoppe.
 19789 | Snake:1  | Found Ruch's Jewellery Shop.
 19804 | Snake:1  | Reached skill level 1 in Dodging
 19808 | Snake:1  | Bought the ring "Leykkeag" {EV+4 Str+4} for 822 gold pieces
 20364 | Snake:2  | Found a snail-covered altar of Cheibriados.
 20640 | Snake:2  | Noticed a nagaraja
 20650 | Snake:2  | Killed a nagaraja
 21913 | Snake:3  | Noticed Vashnia
 22049 | Snake:2  | Reached XP level 16. HP: 39/101 MP: 22/22
 22579 | Snake:2  | Killed Vashnia
 22995 | Snake:4  | Entered Level 4 of the Snake Pit
 23105 | Snake:4  | Noticed Asterion
 23130 | Snake:4  | Killed Asterion
 23288 | Snake:4  | Noticed a nagaraja
 23311 | Snake:4  | Killed a nagaraja
 23867 | Snake:4  | Noticed a nagaraja
 23911 | Snake:4  | Killed a nagaraja
 23962 | Snake:4  | Reached skill level 5 in Dodging
 24041 | Snake:4  | Noticed a nagaraja
 24041 | Snake:4  | Noticed a nagaraja
 24080 | Snake:4  | Reached skill level 10 in Long Blades
 24202 | Snake:4  | Noticed a nagaraja
 24275 | Snake:4  | Killed a nagaraja
 24275 | Snake:4  | Reached skill level 15 in Armour
 24275 | Snake:4  | Reached XP level 17. HP: 68/108 MP: 24/24
 24326 | Snake:4  | Reached skill level 15 in Shields
 24733 | Snake:4  | Reached skill level 10 in Evocations
 24786 | Snake:4  | Got a serpentine rune of Zot
 25072 | D:8      | Bought 4 atropa-tipped darts for 38 gold pieces
 25074 | D:8      | Bought 3 atropa-tipped darts for 28 gold pieces
 25264 | Elf:1    | Entered Level 1 of the Elven Halls
 26034 | Elf:1    | Identified the Reference Book on Confrontation and the
                  | Entourage
 26220 | Elf:1    | Lost mutation: You have a pair of small horns on your head.
                  | [potion of mutation]
 26220 | Elf:1    | Lost mutation: Your body sometimes deteriorates upon taking
                  | damage. [potion of mutation]
 26220 | Elf:1    | Lost mutation: You are dopey. (Int -2) [potion of mutation]
 26220 | Elf:1    | Gained mutation: You are robust. (+10% HP) [potion of
                  | mutation]
 26220 | Elf:1    | Gained mutation: You are occasionally teleported next to
                  | monsters. [potion of mutation]
 26220 | Elf:1    | Gained mutation: Your spells are a little harder to cast,
                  | but a little more powerful. [potion of mutation]
 26221 | Elf:1    | Lost mutation: Your spells are a little harder to cast, but
                  | a little more powerful. [potion of mutation]
 26221 | Elf:1    | Lost mutation: You are robust. (+10% HP) [potion of
                  | mutation]
 26221 | Elf:1    | Lost mutation: You are occasionally teleported next to
                  | monsters. [potion of mutation]
 26221 | Elf:1    | Gained mutation: You have a pair of small horns on your
                  | head. [potion of mutation]
 26221 | Elf:1    | Gained mutation: You have supernaturally acute eyesight.
                  | (SInv) [potion of mutation]
 27009 | Elf:2    | Found a shimmering blue altar of Sif Muna.
 27106 | Elf:2    | Identified the amulet "Xiots" {RegenMP rElec}
 27272 | Elf:2    | Identified Asmodeus's Incunabulum of Companions
 27280 | Elf:2    | Identified the Reference Book on Companions
 27568 | Elf:2    | Found a runed translucent gate.
 27568 | Elf:2    | Found a runed translucent gate.
 27578 | Elf:2    | Reached XP level 18. HP: 114/116 MP: 25/25
 27579 | Elf:2    | Found a runed translucent gate.
 28186 | Elf:1    | Got a fine mace
 28187 | Elf:1    | Identified the +2 mace of the Dwarven Hall {protect, rN++
                  | MP-9} (You found it on level 1 of the Elven Halls)
 28483 | Elf:2    | Lost mutation: You have a pair of small horns on your head.
                  | [potion of mutation]
 28483 | Elf:2    | Lost mutation: You have supernaturally acute eyesight.
                  | (SInv) [potion of mutation]
 28483 | Elf:2    | Lost mutation: Your flesh is heat resistant. (rF+) [potion
                  | of mutation]
 28483 | Elf:2    | Lost mutation: Your natural rate of healing is unusually
                  | fast. [potion of mutation]
 28483 | Elf:2    | Gained mutation: You are agile. (Dex +2) [potion of
                  | mutation]
 28483 | Elf:2    | Gained mutation: You have a beak for a mouth. [potion of
                  | mutation]
 28484 | Elf:2    | Lost mutation: You are agile. (Dex +2) [potion of mutation]
 28484 | Elf:2    | Gained mutation: You are surrounded by a mild repulsion
                  | field. (EV +2) [potion of mutation]
 28484 | Elf:2    | Gained mutation: You can translocate small distances at
                  | will. [potion of mutation]
 28618 | Elf:2    | Lost mutation: You are surrounded by a mild repulsion
                  | field. (EV +2) [potion of mutation]
 28618 | Elf:2    | Lost mutation: You can translocate small distances at will.
                  | [potion of mutation]
 28618 | Elf:2    | Gained mutation: Your mind is acute. (Int +2) [potion of
                  | mutation]
 28618 | Elf:2    | Gained mutation: Your magical capacity is low. (-10% MP)
                  | [potion of mutation]
 28618 | Elf:2    | Gained mutation: Your movements are slightly less
                  | encumbered by armour. (ER -2) [potion of mutation]
 28618 | Elf:2    | Gained mutation: You have a pair of small antennae on your
                  | head. [potion of mutation]
 28668 | Elf:3    | Entered Level 3 of the Elven Halls
 29227 | Elf:3    | Noticed a deep elf master archer
 29959 | Elf:3    | Identified the +2 scimitar of the Exiled Tales {holy,
                  | *Drain +Blink rN+ Stlth+}
 30199 | Elf:3    | Noticed a deep elf blademaster
 30213 | Elf:3    | Noticed a deep elf master archer
 31142 | D:13     | Lost mutation: Your mind is acute. (Int +2) [potion of
                  | mutation]
 31142 | D:13     | Lost mutation: Your magical capacity is low. (-10% MP)
                  | [potion of mutation]
 31142 | D:13     | Lost mutation: You have a beak for a mouth. [potion of
                  | mutation]
 31142 | D:13     | Gained mutation: You are partially covered in slimy green
                  | scales. (AC +2) [potion of mutation]
 31142 | D:13     | Gained mutation: You have sharp toenails. [potion of
                  | mutation]
 31297 | D:14     | Found a gate to the Vaults.
 31767 | D:14     | Reached XP level 19. HP: 118/122 MP: 27/27
 32259 | D:15     | Entered Level 15 of the Dungeon
 32555 | D:15     | Found Jehaav's Food Shop.
 32596 | D:15     | Bought a ration for 55 gold pieces
 32596 | D:15     | Bought a ration for 55 gold pieces
 32596 | D:15     | Bought a ration for 55 gold pieces
 32596 | D:15     | Bought a ration for 55 gold pieces
 32792 | D:15     | Found a snail-covered altar of Cheibriados.
 33038 | D:15     | Found a staircase to the Depths.
 33461 | Swamp:1  | Entered Level 1 of the Swamp
 34390 | Swamp:2  | Found an opulent altar of Gozag.
 34599 | Swamp:2  | Found a frozen archway.
 34616 | IceCv    | Entered an ice cave
 34764 | IceCv    | Noticed an Ice Fiend
 34781 | IceCv    | Killed an Ice Fiend
 35629 | Swamp:3  | Reached skill level 15 in Fighting
 36058 | Swamp:3  | Got a pair of faintly glowing gloves
 36064 | Swamp:3  | Identified the +0 pair of gloves of the Gate {rPois MP-9
                  | Int+3} (You found it on level 3 of the Swamp)
 36490 | Swamp:4  | Entered Level 4 of the Swamp
 36882 | Swamp:4  | Reached XP level 20. HP: 116/129 MP: 20/29
 37155 | Swamp:4  | Got a decaying rune of Zot
 37332 | Slime:1  | Entered Level 1 of the Pits of Slime
 37344 | Slime:1  | Gained mutation: Your magical capacity is low. (-10% MP) [a
                  | shining eye]
 37351 | Slime:1  | Gained mutation: Your flesh is cold resistant. (rC+) [a
                  | shining eye]
 38835 | Slime:2  | Gained mutation: Armour fits poorly on your strangely
                  | shaped body. [a shining eye]
 41059 | Slime:4  | Noticed Dissolution
 41078 | Slime:3  | Gained mutation: You tend to lose your temper in combat. [a
                  | shining eye]
 41080 | Slime:3  | Gained mutation: Your spells are a little easier to cast,
                  | but a little less powerful. [a shining eye]
 41082 | Slime:3  | Gained mutation: You often lose your temper in combat. [a
                  | shining eye]
 41083 | Slime:3  | Killed Dissolution
 41611 | Slime:5  | Entered Level 5 of the Pits of Slime
 42427 | Slime:4  | HP: 9/196 [acid (2)]
 42431 | Slime:4  | HP: 3/196 [acid blob/splash of acid (4)]
 42431 | Slime:4  | Splashed by an acid blob's acid

Levels and vault maps discovered:
D:1:      psy_arrival_spokes, layout_basic
D:2:      layout_loops_ring, first_ration, lexackson_kobold_supper
D:3:      layout_rooms, okawaru_trees_1, uniq_ijyb
D:4:      layout_rooms, nicolae_ossuary_entry_false_entrances,
          minmay_increasing_density, uniq_duvessa
D:5:      layout_cave_pools, minmay_temple_entry_mist, serial_shops, shop,
          nicolae_shop_stone, nicolae_shop_waterfront, shop_fountains, shop,
          nicolae_dithmenos_through_a_glass_darkly
D:6:      layout_loops_ring, serial_shops, shop, kennysheep_boxes, uniq_menkaure
D:7:      layout_gridville
D:8:      layout_basic, david_lair_shrubbed, uniq_maurice
D:9:      layout_small_grid, hangedman_little_slice_of_home, uniq_pikel
D:10:     layout_roguey, uniq_urug
D:11:     layout_loops_ring, special_room [special_room_orc],
          ebering_dispersal_statue_hall, uniq_psyche
D:12:     layout_loops_corners, kennysheep_orc_monster_closet_entryway,
          gauntlet_entry_generic, serial_shops, nicolae_shop_statue_plus,
          minmay_orc_keep
D:13:     layout_roguey, serial_glass, glass_columns_c, glass_columns_b,
          patterned_corridor
D:14:     layout_gridville, david_vaults_2, minmay_crystal_room, serial_bayou,
          serial_bayou_lagoon_b, serial_bayou_lagoon_a, serial_bayou_shore_b,
          serial_bayou_shore_b, bh_walls_and_bars
D:15:     hangedman_depths_entry_try_elsewhere_first, layout_loops_ring,
          serial_shops, nicolae_shop_crystal, chequers_serial_rivers_small_3,
          cheibriados_altar_1
Temple:   roderic_octagonal_lattice_temple
Lair:1:   layout_chaotic_city, serial_rivers, chequers_serial_rivers_micro_c,
          chequers_serial_rivers_micro_c, chequers_serial_rivers_micro_b,
          chequers_serial_rivers_micro_b, chequers_serial_rivers_room_a,
          lemuel_fruit_tree
Lair:2:   layout_misc_corridors, serial_rivers, chequers_serial_rivers_micro_d,
          chequers_serial_rivers_small_b, chequers_serial_rivers_micro_c,
          chequers_serial_rivers_small_a, chequers_serial_rivers_room_a,
          chequers_serial_rivers_micro_c
Lair:3:   statuecave_lemuel, layout_small_grid
Lair:4:   layout_regular_city, minmay_swamp_entry_eels, dummy_snake_entry,
          uniq_rupert
Lair:5:   layout_loops_ring, dpeg_slime_entry_enclosed_altar
Lair:6:   evilmike_catoblepas_cave, layout_gridlike, serial_bayou_crossing,
          grunt_megastairs_2
Swamp:1:  layout_basic_swamp, nicolae_swamp_triple_paths
Swamp:2:  layout_basic_swamp, portal_ice_cave_entry_dragon, basic_altar,
          swamp_pool5
Swamp:3:  layout_basic_swamp, nicolae_swamp_trees_clearing, swamp_pool4,
          infiniplex_staircase_pool_2
Swamp:4:  swamp_basic_johnstein, layout_basic_swamp
Snake:1:  layout_misc_corridors, drop_trap, minmay_shop_grove, uniq_aizul
Snake:2:  nicolae_snakescales, layout_chambers, basic_altar, special_room
Snake:3:  layout_rooms, serial_bayou_shore_b, grunt_megastairs_4, uniq_vashnia
Snake:4:  snake_pit_salamanders_mu, layout_cave_town, uniq_asterion
Slime:1:  layout_caves
Slime:2:  layout_caves, cheibrodos_slime_lost_civilization_4
Slime:3:  cheibrodos_slime_lost_civilization_10, layout_caves,
          nicolae_slime_phagocytosis
Slime:4:  layout_caves, dissolution_awaits
Slime:5
Orc:1:    layout_caves
Orc:2:    st_orc_mages, layout_caves, uniq_azrael
Elf:1:    elf_arrival_002, layout_onion_city, serial_shops, statue_bzr,
          minmay_elf_sorcery, hangedman_elf_targetted_burst
Elf:2:    layout_gridlike, grunt_ministairs_7, hangedman_summoners_spam
Elf:3:    minmay_elf_hall_spiked, layout_geoelf_diagonals, serial_shops,
          shop_fountains, amethyst_killhole
